 Dungeon Crawl Stone Soup version 0.29.1-12-g30fa7ad0bf (webtiles) character file.

Game seed: 2070037332534351566

94 PastorChris the Firebug (level 4, -13/30 HPs)
             Began as a Human Fire Elementalist on Jan 1, 2023.
             Killed by an exploding orc (43 damage)
             ... ignited by their inner flame
             ... on level 3 of the Dungeon.
             The game lasted 00:13:53 (3272 turns).

PastorChris the Firebug (Human Fire Elementalist)   Turns: 3272, Time: 00:14:00

Health: -13/30     AC:  7    Str:  8    XL:     4   Next: 94%
Magic:  5/8        EV: 17    Int: 18    God:
Gold:   130        SH:  0    Dex: 19    Spells: 3/8 levels left

rFire   . . .      SeeInvis .   (no weapon)
rCold   . . .      Faith    .   (no shield)
rNeg    . . .      Spirit   .   a - +0 robe
rPois   .          Reflect  .   (no helmet)
rElec   .          Harm     .   j - +1 cloak
rCorr   .          Rampage  .   g - +2 pair of gloves {infuse}
Will    .....                   (no boots)
Stlth   ++........              f - amulet of the acrobat
HPRegen 0.10/turn               e - +6 ring of dexterity
MPRegen 0.11/turn               d - +4 ring of evasion

@: no status effects
A: no striking features
a: no special abilities


You were on level 3 of the Dungeon.
You visited 1 branch of the dungeon, and saw 3 of its levels.

You collected 130 gold pieces.

Inventory:

Armour
 a - a +0 robe (worn)
 g - a +2 pair of gloves of infusion (worn)
 j - a +1 cloak (worn)
Jewellery
 d - a +4 ring of evasion (right hand)
 e - a +6 ring of dexterity (left hand)
 f - an amulet of the acrobat (around neck)
Scrolls
 l - 2 scrolls of teleportation
Potions
 b - a potion of brilliance
 h - 3 potions of mutation {unknown}
 i - a potion of ambrosia {unknown}
 k - a potion of might {unknown}


   Skills:
 * Level 1.1 Throwing
 * Level 2.3 Dodging
 * Level 2.6 Stealth
 * Level 2.7 Spellcasting
 * Level 1.4 Conjurations
 * Level 0.5 Hexes
 * Level 3.7 Fire Magic


You had 3 spell levels left.
You knew the following spells:

 Your Spells              Type           Power      Damage    Failure   Level
b - Scorch                Fire           30%        2d7       5%          2
c - Inner Flame           Hex/Fire       10%        N/A       22%         3

Your spell library contained the following spells:

 Spells                   Type           Power      Damage    Failure   Level
 Foxfire                  Conj/Fire      44%        2x1d6     6%          1
 Conjure Flame            Conj/Fire      11%        6-21      17%         3
 Flame Wave               Conj/Fire      11%        2d6       50%         4


Dungeon Overview and Level Annotations

Branches:
Dungeon (3/15)

Altars:
Cheibriados


Message History

Throw: dart (poison)
Press: ? - help, Q - select action, (/) - cycle Shift-Dir - straight line, f - frilled lizard
Aim: a frilled lizard (42% to hit)
You throw a poisoned dart.
The poisoned dart hits the frilled lizard.
The frilled lizard is poisoned.
You kill the frilled lizard!
c - a poisoned dart 2 orcs come into view.
The orc shouts!
An orc comes into view. It is wielding a +0 club.
Casting: Scorch (safe; 5% risk of failure)
Confirm with . or Enter, or press ? or * to list all spells.
The spell is quite dangerous to miscast (22% risk of failure)!
Continue anyway?
Aiming: Inner Flame (quite dangerous; 22% risk of failure)
Press: ? - help, Dir - move target, f - orc
Aim: an orc, wielding a +0 short sword (chance to affect: 76%)
The orc is filled with an inner flame.
The orc shouts! x2
Throw: dart (poison)
Press: ? - help, Q - select action, (/) - cycle Shift-Dir - straight line, f/p - orc
Aim: an orc, wielding a +0 short sword (inner flame, 60% to hit)
You throw a poisoned dart.
The poisoned dart barely misses the orc.
The poisoned dart hits the orc.
The orc is poisoned.
The orc attacks as you move away! The orc misses you.
The orc attacks as you move away! The orc misses you.
The orc looks more healthy.
The orc attacks as you move away! The orc completely misses you.
The orc attacks as you move away! The orc completely misses you.
The orc attacks as you move away! The orc completely misses you.
The orc attacks as you move away! The orc completely misses you.
The orc attacks as you move away! The orc hits you with a +0 short sword.
You hit the orc.
Flame seeps out of the orc.
The orc is heavily wounded.
The orc is engulfed in blazing flames.
The orc explodes!
The fiery explosion engulfs you!!!
Ouch! That really hurt!
You die...

#.##.# #.# ##
#.##.# #.# .#
#####.##.# #.# .#
#........# #.# .#
#.###...## #.#
.#### #.#
###<###########.#
....# #.#
#.#...........#
....# #.#
#.#.###########
....####.# #.#@#
.........# #.#○#
.....##### #.#o#
............ #.#
.....###########.#
..(........o.o.o.#
...#.#############
...#.# ...#.#


You could see 2 orcs.

Vanquished Creatures
  A mummy (D:3)
  3 adders
  A dart slug (D:2)
  3 orcs (D:3)
  4 bats
  3 endoplasms
  4 giant cockroaches
  3 hobgoblins
  7 quokkas
  4 ball pythons
  4 frilled lizards
  4 goblins
  5 kobolds
  4 rats
50 creatures vanquished.

Vanquished Creatures (others)
  29 foxfires (D:1)
29 creatures vanquished.

Grand Total: 79 creatures vanquished

Notes
Turn   | Place    | Note
-------+----------+-------------------------------------------
     0 | D:1      | PastorChris the Human Fire Elementalist began the quest for
                  | the Orb.
     0 | D:1      | Reached XP level 1. HP: 13/13 MP: 3/3
   270 | D:1      | Reached XP level 2. HP: 19/19 MP: 3/5
   273 | D:1      | Learned a level 2 spell: Scorch
   646 | D:1      | Reached XP level 3. HP: 4/24 MP: 0/6
   901 | D:1      | Learned a level 3 spell: Inner Flame
  1930 | D:2      | Reached skill level 1 in Throwing
  2105 | D:2      | Reached XP level 4. HP: 30/30 MP: 4/7
  2847 | D:3      | Found a snail-covered altar of Cheibriados.
  3272 | D:3      | Killed by an exploding orc... ignited by their inner flame

Illustrated notes

Levels and vault maps discovered:
D:1:      roderic_crossed_star, layout_loops_ring
D:2:      layout_basic
D:3:      layout_loops_ring, slow_altar_1, grunt_ministairs_3,
          minmay_misc_feat_tiny, uniq_grinder

Skill      XL: |  1  2  3 |
---------------+----------+-----
Throwing       | 1 |  1.1
Dodging        | |  2.3
Stealth        | |  2.6
Spellcasting   | |  2.7
Conjurations   | |  1.4
Hexes          | |  0.5
Fire Magic     | |  3.7

Action                   |  1- 3 |  4- 6 || total
-------------------------+-------+-------++-------
Melee: Unarmed           |     1 |     1 ||     2
Throw: Dart              |    30 |     9 ||    39
 Cast: Foxfire           |    17 |       ||    17
       Scorch            |    22 |    19 ||    41
       Inner Flame       |       |     1 ||     1
  Use: Scroll            |     4 |       ||     4
       Potion            |     3 |       ||     3
Armor: Robe              |    10 |     5 ||    15
Dodge: Dodged            |    49 |    45 ||    94
